 Dungeon Sprint DCSS version 0.23.2-1-ga50397a (webtiles) character file.

Game seed: 18269940822165550372

54283 Fang the Warrior (level 14, -9/108 HPs)
             Began as a Gargoyle Berserker on May 1, 2019.
             Was the Champion of Trog.
             Mangled by a yaktaur captain (12 damage)
             ... in the Dungeon (Sprint VII: "The Pits").
             The game lasted 00:15:03 (6019 turns).

Fang the Warrior (Gargoyle Berserker)               Turns: 6019, Time: 00:15:04

Health: -9/108     AC: 42    Str: 27    XL:     14   Next: 72%
Magic:  5/5        EV: 18    Int:  7    God:    Trog [******]
Gold:   18         SH:  0    Dex:  9    Spells: 13/13 levels left

rFire    . . .     SeeInvis .   w - +6 battleaxe "Beehuw" {chaos, rPois rN+ MP-9}
rCold    . . .     Gourm    .   (shield currently unavailable)
rNeg     + + .     Faith    .   j - +4 plate armour
rPois    ∞         Spirit   .   r - +1 hat
rElec    +         Reflect  .   (no cloak)
rCorr    .         Harm     .   (no gloves)
MR       +++..     NoTele   +   (no boots)
Stlth    ..........             (no amulet)
HPRegen  1.28/turn              q - +3 ring of evasion
MPRegen  0.09/turn              u - ring of Robustness {AC+8}

@: berserk cooldown, regenerating, slowed, very slow
A: big wings, negative energy resistance 1, electricity resistance, unbreathing,
petrification resistance, rot immunity, AC +10
a: Fly, Berserk, Trog's Hand, Brothers in Arms, Renounce Religion


You were in the Dungeon.
You worshipped Trog.
Trog was exalted by your worship.
You were very hungry.

You visited 1 branch You collected 18 gold pieces.

Inventory:

Hand Weapons
 b - a +2 battleaxe of draining
 p - a +2 war axe of venom
 s - the +1 battleaxe of Breach {chop, Int+3}
   (Trog gifted it to you in the Dungeon)

   It inflicts extra damage upon your enemies.
   It affects your intelligence (+3).
 t - a +5 antimagic hand axe
 v - the +1 battleaxe of Piteuc {vamp, rElec rC+ Str-2 Stlth+}
   (Trog gifted it to you in the Dungeon)

   It inflicts no extra harm, but heals its wielder when it wounds a living foe.
   It affects your strength (-2).
   It protects you from cold.
   It insulates you from electricity.
   It makes you more stealthy.
 w - the +6 battleaxe "Beehuw" (weapon) {chaos, rPois rN+ MP-9}
   (Trog gifted it to you in the Dungeon)

   Each time it hits an enemy it has a different, random effect.
   It protects you from poison.
   It protects you from negative energy.
   It affects your magic capacity (-9).
 x - a +7 executioner's axe of electrocution
 A - a +2 executioner's axe of holy wrath
Armour
 j - a +4 plate armour (worn)
 r - a +1 hat (worn)
Jewellery
 m - a +3 ring of dexterity
 q - a +3 ring of evasion (left hand)
 u - the ring of Robustness (right hand) {AC+8}
   (You found it in the Dungeon)

   [ring of protection]

   It affects your AC (+8).
Wands
 y - a wand of paralysis (6)
Scrolls
 i - 3 scrolls of blinking
 k - 3 scrolls of remove curse
 l - a scroll of summoning
 D - 2 scrolls of fear
Potions
 a - 2 potions of invisibility
 d - 7 potions of curing
 e - 6 potions of heal wounds
 f - 5 potions of haste
 g - 4 potions of magic
 h - 6 potions of berserk rage
 z - 3 potions of agility
Comestibles
 c - 18 rations


   Skills:
 + Level 20.9 Fighting
 + Level 18.2 Axes
 + Level 20.9 Armour
 + Level 16.8 Dodging


You had 13 spell levels left.
You didn't know any spells.
Your spell library was empty.

Dungeon Overview and Level Annotations

Branches:
Dungeon (1/1)

Altars:


Innate Abilities, Weirdness & Mutations

You are resistant to torment.
Your stone body is resilient. (AC +10)
You are immune to poison.
Your large and strong wings let you fly indefinitely.
You resist negative energy. (rN+)
You are resistant to electric shocks. (rElec)
You can survive without breathing.
You are immune to petrification.
You are immune to rotting.


Message History

The soul eater draws from the surrounding life force!
* * * LOW HITPOINT WARNING * * *
The soul eater is healed.
The yaktaur captain completely misses you.
The red devil hits you but does no damage.
The orc sorcerer gestures at you while chanting.
The bolt of fire hits you!
* * * LOW HITPOINT WARNING * * *
You hit the yaktaur captain but do no damage.
The yaktaur captain is heavily wounded.
You slash the orc sorcerer! You burn the orc sorcerer.
You kill the orc sorcerer!
Trog accepts your kill.
Trog appreciates your killing of a magic user.
The soul eater disappears in a puff of smoke!
The red devil disappears in a puff of smoke!
The yaktaur captain hits you.
* * * LOW HITPOINT WARNING * * *
The yaktaur captain hits you!
You die...

+..........# +.....
#..........#####.....
#############[)#....#..##....###.
..........['').))......##....#..o
.......)[.[').))).)....##...o#...
#########..##).#)...#..##......o#
#(#.#.#.#.)##..)...)).(''........
.#.#.#.##..##...c......''........
#.#)#.# #)[####'@####''##########
)#.#[#.##.(####''####''##########
#|#.#.#.#(.##..)...##............
##[######..##.#)##.##............
.(((.([[).)##.#.:'.##..##########
.)((.))[)..##.'.:#.##..#
''###########.#..'.##..#
''###########.'.|#.##..#
.......##..##.##'#.##..#


You could see a yaktaur captain.

Vanquished Creatures
  An acid blob (D)
  Gastronok (D)
  A storm dragon (D)
  3 nagarajas (D)
  A fire giant (D)
  A balrug (D)
  2 ghost moths (D)
  A reaper (D)
  An apis (D)
  A white draconian (D)
  A deep elf annihilator (D)
  A merfolk javelineer (D)
  3 deep elf death magi (D)
  A mummy priest (D)
  A green death (D)
  A small abomination (D)
  A great orb of eyes (D)
  A hell beast (D)
  3 hydras (D)
  A spriggan air mage (D)
  An alligator (D)
  A merfolk avatar (D)
  A deep troll shaman (D)
  A two-headed ogre (D)
  A vampire mage (D)
  A sun demon (D)
  A fire crab (D)
  2 iron trolls (D)
  A shadow wraith (D)
  A cherub (D)
  An unseen horror (D)
  2 large abominations (D)
  A deep troll (D)
  An orc knight (D)
  2 cyclopes (D)
  2 deep elf magi (D)
  A moth of wrath (D)
  An orc sorcerer (D)
  A manticore (D)
  An eye of devastation (D)
  An elephant (D)
  A rust devil (D)
  A molten gargoyle (D)
  A gargoyle (D)
  2 hellions (D)
  2 ice devils (D)
  A komodo dragon (D)
  3 kobold demonologists (D)
  A red devil (D)
  A jumping spider (D)
  3 merfolk (D)
  3 hornets (D)
  2 blink frogs (D)
  3 bog bodies (D)
  A hippogriff (D)
  A wind drake (D)
  2 snapping turtles (D)
  Sigmund (D)
  A tarantella (shapeshifter) (D)
  2 spriggans (D)
  6 yaks (D)
  A shadow (D)
  A tarantella (D)
  A wraith (D)
  A wyvern (D)
  A hungry ghost (D)
  10 insubstantial wisps (D)
  A warg (D)
  A water moccasin (D)
  A porcupine (D)
  2 floating eyes (D)
  7 orc warriors (D)
  An ice beast (D)
  A swamp drake (D)
  A sky beast (D)
  An ogre (D)
  A crocodile (D)
  2 big kobolds (D)
  A scorpion (D)
  A wight (D)
  A crimson imp (D)
  A jelly (D)
  4 orc wizards (D)
  An orc priest (D)
  A worker ant (D)
  A mummy (D)
  3 gnolls (D)
  A river rat (D)
  An ufetubus (D)
  An adder zombie (D)
  A leopard gecko (D)
  12 orcs (D)
  2 goblins (D)
  5 kobolds (D)
  A quokka (D)
  A ball python (D)
  A bat (D)
  A bat simulacrum (D)
  A leopard gecko zombie (D)
  A quokka zombie (D)
  A rat (D)
  4 crawling corpses (D)
172 creatures vanquished.

Vanquished Creatures (collateral kills)
  A deep elf master archer (D)
  An acid blob (D)
  A nagaraja (D)
  A spriggan defender (D)
  A merfolk impaler (D)
  A rakshasa (D)
  A deep troll shaman (D)
  A spriggan berserker (D)
  An eye of devastation (D)
  An efreet (D)
  2 merfolk (D)
  2 blink frogs (D)
  A vampire (D)
  An insubstantial wisp (D)
  An acid dragon (D)
  A giant cockroach (D)
18 creatures vanquished.

Vanquished Creatures (others)
  A jumping spider (D)
  A bat simulacrum (D)
2 creatures vanquished.

Grand Total: 192 creatures vanquished

Notes
Turn   | Place    | Note
-------+----------+-------------------------------------------
     0 | D        | Fang the Gargoyle Berserker began the quest for the Orb.
     0 | D        | Reached XP level 1. HP: 14/14 MP: 1/1
   189 | D        | Reached XP level 2. HP: 10/20 MP: 2/2
   192 | D        | Reached ** piety under Trog
   487 | D        | Reached *** piety under Trog
   490 | D        | Reached XP level 3. HP: 24/24 MP: 3/3
   613 | D        | Noticed a scorpion
   614 | D        | Reached **** piety under Trog
   620 | D        | Reached skill level 5 in Fighting
   620 | D        | Reached XP level 4. HP: 31/31 MP: 4/4
   621 | D        | Reached skill level 5 in Armour
   621 | D        | Noticed an ice beast
   626 | D        | Reached skill level 5 in Axes
   626 | D        | Reached XP level 5. HP: 37/37 MP: 5/5
   628 | D        | Reached ***** piety under Trog
   633 | D        | Killed an ice beast
   633 | D        | Reached skill level 5 in Dodging
   633 | D        | Reached XP level 6. HP: 44/44 MP: 6/6
   723 | D        | Noticed a sky beast
   733 | D        | Killed a sky beast
   779 | D        | Noticed Gastronok
   794 | D        | Killed Gastronok
   794 | D        | Reached XP level 7. HP: 24/54 MP: 7/7
   794 | D        | Reached XP level 8. HP: 27/60 MP: 8/8
   794 | D        | Reached XP level 9. HP: 29/64 MP: 9/9
   896 | D        | Paralysed by a floating eye for 2 turns
   902 | D        | Paralysed by a floating eye for 2 turns
   908 | D        | Paralysed by a floating eye for 3 turns
   916 | D        | Paralysed by a floating eye for 2 turns
   920 | D        | Received a gift from Trog
   924 | D        | Reached skill level 10 in Axes
  1378 | D        | Received a gift from Trog
  1380 | D        | Reached ****** piety under Trog
  1643 | D        | Noticed a red devil
  1669 | D        | Received a gift from Trog
  1679 | D        | Killed a red devil
  1741 | D        | Reached XP level 10. HP: 47/72 MP: 10/10
  1943 | D        | Noticed Sigmund
  1951 | D        | Reached skill level 10 in Dodging
  1961 | D        | Paralysed by fainting for 6 turns
  1969 | D        | Killed Sigmund
  2167 | D        | Noticed a two-headed ogre
  2168 | D        | Noticed a five-headed hydra
  2174 | D        | Killed a two-headed ogre
  2180 | D        | Killed an 11-headed hydra
  2254 | D        | Received a gift from Trog
  2266 | D        | Got a pitted battleaxe {god gift}
  2267 | D        | Identified the +1 battleaxe of Breach {chop, Int+3} (Trog
                  | gifted it to you in the Dungeon)
  2302 | D        | Noticed a deep elf mage
  2313 | D        | Noticed a great orb of eyes
  2316 | D        | Killed a deep elf mage
  2316 | D        | Received a gift from Trog
  2316 | D        | Reached XP level 11. HP: 62/80 MP: 11/11
  2316 | D        | Killed a shadow wraith
  2326 | D        | Killed a great orb of eyes
  2756 | D        | Noticed a manticore
  2765 | D        | Killed a manticore
  2765 | D        | Received a gift from Trog
  2775 | D        | Reached skill level 15 in Fighting
  2780 | D        | Got an iridescent battleaxe {god gift}
  2797 | D        | Noticed a merfolk avatar
  2807 | D        | Reached skill level 15 in Armour
  2813 | D        | Received a gift from Trog
  2820 | D        | Killed a merfolk avatar
  2825 | D        | Got a dazzling battleaxe {god gift}
  2826 | D        | Identified the +6 battleaxe "Beehuw" {chaos, rPois rN+
                  | MP-9} (Trog gifted it to you in the Dungeon)
  2894 | D        | Received a gift from Trog
  3117 | D        | Found the ring of Robustness {AC+8}
  3187 | D        | Identified the +1 battleaxe of Piteuc {vamp, rElec rC+
                  | Str-2 Stlth+} (Trog gifted it to you in the Dungeon)
  3259 | D        | Received a gift from Trog
  3264 | D        | Reached XP level 12. HP: 69/88 MP: 3/12
  3447 | D        | Noticed an alligator
  3458 | D        | Killed an alligator
  3462 | D        | Received a gift from Trog
  3560 | D        | Noticed a sun demon
  3572 | D        | Killed a sun demon
  3850 | D        | Noticed a nagaraja
  3859 | D        | Killed a nagaraja
  3859 | D        | Received a gift from Trog
  3863 | D        | Killed a ghost moth
  4083 | D        | Noticed a merfolk javelineer
  4083 | D        | Noticed a merfolk impaler
  4089 | D        | Noticed a five-headed hydra
  4090 | D        | Noticed an eight-headed hydra
  4091 | D        | Noticed a deep elf master archer
  4092 | D        | Noticed a rakshasa
  4093 | D        | Identified the +2 leather armour of the Trombone {*Drain
                  | Regen+ Str+2}
  4097 | D        | Noticed a nagaraja
  4098 | D        | Killed a merfolk javelineer
  4098 | D        | Received a gift from Trog
  4109 | D        | Killed a deep elf master archer
  4109 | D        | Reached skill level 15 in Axes
  4117 | D        | Killed a nine-headed hydra
  4119 | D        | Noticed a deep elf death mage
  4127 | D        | Killed a seven-headed hydra
  4127 | D        | Reached XP level 13. HP: 52/96 MP: 4/13
  4135 | D        | Killed a deep elf death mage
  4135 | D        | Received a gift from Trog
  4144 | D        | Killed a merfolk impaler
  4145 | D        | Killed a nagaraja
  4172 | D        | Received a gift from Trog
  4176 | D        | Killed a rakshasa
  4451 | D        | Noticed a nagaraja
  4451 | D        | Noticed a white draconian
  4457 | D        | Killed a nagaraja
  4457 | D        | Received a gift from Trog
  4468 | D        | Killed a white draconian
  4476 | D        | Received a gift from Trog
  4618 | D        | Paralysed by a floating eye for 3 turns
  4619 | D        | Noticed a nagaraja
  4650 | D        | Reached skill level 15 in Dodging
  4652 | D        | Killed a nagaraja
  4652 | D        | Received a gift from Trog
  4725 | D        | Noticed an apis
  4738 | D        | Received a gift from Trog
  4744 | D        | Killed a ghost moth
  4746 | D        | Killed an apis
  4753 | D        | Gained mutation: Your large and strong wings let you fly
                  | indefinitely. [Gargoyle growth]
  4753 | D        | Reached XP level 14. HP: 76/106 MP: 1/14
  4775 | D        | Received a gift from Trog
  5019 | D        | Noticed a spriggan defender
  5035 | D        | Killed a spriggan defender
  5093 | D        | Noticed a balrug
  5110 | D        | Killed a balrug
  5110 | D        | Received a gift from Trog
  5151 | D        | Noticed an acid blob
  5156 | D        | Killed an acid blob
  5308 | D        | Noticed a fire giant
  5330 | D        | Killed a fire giant
  5618 | D        | Noticed a storm dragon
  5630 | D        | Killed a storm dragon
  5826 | D        | Noticed an acid blob
  5827 | D        | Noticed a deep elf annihilator
  5844 | D        | HP: 2/108 [hellion/damnation (13)]
  5849 | D        | HP: 2/108 [hellion/damnation (32)]
  5852 | D        | Received a gift from Trog
  5869 | D        | Received a gift from Trog
  5883 | D        | Killed a deep elf annihilator
  5886 | D        | Noticed a reaper
  5894 | D        | Killed a reaper
  5894 | D        | Received a gift from Trog
  5991 | D        | Killed an acid blob
  6000 | D        | Noticed an orc warlord
  6013 | D        | Paralysed by an orc sorcerer for 2 turns
  6018 | D        | HP: 1/108 [yaktaur captain (6)]
  6019 | D        | Mangled by a yaktaur captain

Skill      XL: |  1  2  3  4  5  6  7  8  9 10 11 12 13 14 |
---------------+-------------------------------------------+-----
Axes           | 3 4 5 6 9 10 12 13 15 16 18 | 18.2
Dodging        | 2 3 4 5 8 9 11 12 14 15 16 | 16.8
Fighting       | 4 5 6 7 11 12 14 15 17 19 20 | 20.9
Armour         | 3 4 5 6 11 12 13 15 17 19 20 | 20.9

Action                   |  1- 3 |  4- 6 |  7- 9 | 10-12 | 13-15 || total
-------------------------+-------+-------+-------+-------+-------++-------
Melee: Hand axe          |    35 |    43 |    27 |       |       ||   105
       War axe           |       |       |    48 |       |       ||    48
       Battleaxe         |       |       |     1 |   222 |   219 ||   442
Invok: Berserk           |     4 |     1 |     2 |     5 |     6 ||    18
       Brothers in Arms  |       |       |       |     2 |     9 ||    11
       Trog's Hand       |       |       |       |     1 |     4 ||     5
  Use: Scroll            |       |       |       |     8 |       ||     8
       Potion            |       |       |       |       |    10 ||    10
 Stab: Paralysed         |       |       |       |     1 |     4 ||     5
       Distracted        |       |       |       |       |     1 ||     1
  Eat: Chunk             |     2 |     1 |     5 |     9 |    12 ||    29
       Ration            |       |       |       |     2 |     1 ||     3
Armor: Animal skin       |    11 |       |       |       |       ||    11
       Chain mail        |     4 |    15 |    40 |   148 |       ||   207
       Plate armour      |       |       |       |    96 |   193 ||   289
Dodge: Dodged            |    40 |     7 |    50 |   259 |   221 ||   577
